 Dungeon Crawl Stone Soup version 0.28-a0-1415-g7c84da036a (webtiles) character file.

Game seed: 10921522022251462200

14 Hasart the Caller (level 2, -2/15 HPs)
             Began as a Kobold Summoner on Jan 7, 2022.
             Slain by a quokka (5 damage)
             ... on level 1 of the Dungeon.
             The game lasted 00:02:30 (1210 turns).

Hasart the Caller (Kobold Summoner)                 Turns: 1210, Time: 00:02:30

Health: -2/15      AC:  2    Str:  5    XL:     2   Next: 60%
Magic:  3/5        EV: 15    Int: 16    God:
Gold:   33         SH:  0    Dex: 15    Spells: 3/6 levels left

rFire   . . .      SeeInvis .   (weapon restricted)
rCold   . . .      Faith    .   (no shield)
rNeg    . . .      Spirit   .   a - +0 robe
rPois   .          Reflect  .   (no helmet)
rElec   .          Harm     .   (no cloak)
rCorr   .          Rampage  .   (no gloves)
Will    .....                   (no boots)
Stlth   +++.......              (no amulet)
HPRegen 0.05/turn               (no ring)
MPRegen 0.09/turn               (no ring)

@: no status effects
A: small, no large weapons, nightstalker 3
a: no special abilities


You were on level 1 of the Dungeon.
You visited 1 branch of the dungeon, and saw 1 of its levels.

You collected 33 gold pieces.

Inventory:

Missiles
 d - 16 poisoned darts (quivered)
Armour
 a - a +0 robe (worn)
Scrolls
 c - a scroll of identify {unknown}
Potions
 b - a potion of brilliance {unknown}


   Skills:
 - Level 2.4 Dodging
 - Level 2.6 Stealth
 + Level 2.5 Spellcasting
 * Level 4.4 Summonings


You had 3 spell levels left.
You knew the following spells:

 Your Spells              Type           Power      Damage    Failure   Level
a - Call Imp              Summ           16%        N/A       4%          2
b - Summon Small Mammal   Summ           64%        N/A       3%          1

Your spell library contained the following spells:

 Spells                   Type           Power      Damage    Failure   Level
 Call Canine Familiar     Summ           16%        N/A       10%         3
 Summon Guardian Golem    Hex/Summ       9%         N/A       24%         3
 Summon Lightning Spire   Summ/Air       9%         N/A       61%         4


Dungeon Overview and Level Annotations

Branches:
Dungeon (1/15)

Altars:


Innate Abilities, Weirdness & Mutations

You are small and have problems with some larger weapons.
You are completely attuned to the shadows.


Message History

The ball python barely misses your crimson imp.
Your crimson imp hits the ball python.
The ball python dies!
You swap places.
Things that are here:
a +0 club; a goblin corpse You swap places.
The quokka bites your crimson imp.
Your crimson imp barely misses the quokka.
The quokka barely misses your crimson imp.
Your crimson imp hits the quokka.
The quokka closely misses your crimson imp.
Your crimson imp completely misses the quokka.
Your crimson imp disappears in a puff of smoke!
The quokka barely misses you.
The quokka bites you but does no damage.
The quokka misses you. The quokka closely misses you.
Casting: Call Imp (safe; 4% risk of failure)
Confirm with . or Enter, or press ? or * to list all spells.
A beastly little devil appears in a puff of flame.
The quokka misses you. The quokka barely misses you.
You closely miss the quokka.
The quokka is heavily wounded.
The quokka bites you.
You hit the quokka but do no damage.
The quokka is heavily wounded.
The quokka bites you.
* * * LOW HITPOINT WARNING * * *
You hit the quokka but do no damage.
The quokka is heavily wounded.
The quokka barely misses you.
You closely miss the quokka.
The quokka is heavily wounded.
Your crimson imp misses the quokka.
The quokka closely misses you. The quokka bites your crimson imp.
Your crimson imp barely misses the quokka.
The quokka bites your crimson imp.
Your crimson imp blinks!
The quokka bites you.
You die...

###.### #.#
#.# .######
#.# ..♣..∩#
#.#
......###.#
..........#
.....♣###.#
......###@####
.....5l)r.....
..∩..∩##..###.
......##..#
.....##..#
8..♣ ...# ...#


You could see a quokka (ally target), a frilled lizard and a friendly crimson
imp (summoned).

Vanquished Creatures
  A ball python (D:1)
  A frilled lizard (D:1)
2 creatures vanquished.

Vanquished Creatures (collateral kills)
  2 endoplasms (D:1)
  A giant cockroach (D:1)
  A goblin (D:1)
  2 hobgoblins (D:1)
  A quokka (D:1)
  2 ball pythons (D:1)
  A rat (D:1)
10 creatures vanquished.

Grand Total: 12 creatures vanquished

Notes
Turn   | Place    | Note
-------+----------+-------------------------------------------
     0 | D:1      | Hasart the Kobold Summoner began the quest for the Orb.
     0 | D:1      | Reached XP level 1. HP: 10/10 MP: 3/3
   692 | D:1      | Reached XP level 2. HP: 11/15 MP: 3/5
   695 | D:1      | Learned a level 2 spell: Call Imp
  1210 | D:1      | Slain by a quokka

Illustrated notes

Levels and vault maps discovered:
D:1:      saegor_arrival_simple_e, layout_loops_ring,
          hellmonk_ecumenical_altar_arch_garden, minmay_liquid_box,
          minmay_misc_feat_rows, minmay_stone_trees_large

Action                   || total
-------------------------++-------
Melee: Unarmed           ||    59
       Punch             ||     1
 Cast: Summon Small Mamm ||     5
       Call Imp          ||     4
 Stab: Sleeping          ||     4
       Distracted        ||     1
Armor: Robe              ||     7
Dodge: Dodged            ||    47

Table legend: (Time is in decaauts)
 A = Elapsed time spent in this place.
 B = Non-inter-level travel time spent in this place.
 C = Inter-level travel time spent in this place.
 D = Time resting spent in this place.
 E = Time spent auto-exploring this place.
 F = Levels seen in this place.
 G = Mean time per level.
                   A        B        C        D        E       F      G
               +--------+--------+--------+--------+--------+-----+--------+
         Total |   1210 |   1210 |      0 |      0 |   1073 |   1 | 1210.0 |
       Dungeon |   1210 |   1210 |      0 |      0 |   1073 |   1 | 1210.0 |
               +--------+--------+--------+--------+--------+-----+--------+

Top non-repeatable levels by time:
     D:1: 1210 daAuts
